| TOP OF THE 1ST |
|
Omaha Storm Chasers batting - Pitching for Norfolk Tides : LHP Freddy Gutierrez
|
|
Pitching: LHP Freddy Gutierrez
|
|
|
Batting: RHB Yuichi Takata
|
0-0: Ball 1-0: Ball 2-0: Called Strike 2-1: Foul Ball, location: 2F 2-2: DOUBLE (Groundball, 5L, EV 95.0 MPH)
|
|
Batting: SHB Ryoji Hiraoka
|
0-0: Ball 1-0: SINGLE (Groundball, 25, EV 68.8 MPH) (infield hit) Yuichi Takata to third
|
|
Batting: RHB Adam Martin
|
0-0: Ball 1-0: SINGLE (Flyball, 7S, EV 87.5 MPH) Yuichi Takata scores Ryoji Hiraoka to second
|
|
Batting: RHB Kazuki Arai
|
0-0: Swinging Strike 0-1: Ball Wild Pitch! Ryoji Hiraoka to third Adam Martin to second 1-1: Foul Ball, location: 2F 1-2: Ball 2-2: Strikes out swinging
|
|
Batting: LHB Robby Diaz
|
0-0: Ball 1-0: Swinging Strike 1-1: Foul Ball, location: 2F 1-2: Strikes out swinging
|
|
Batting: RHB Taisei Fujii
|
0-0: Swinging Strike 0-1: Fly out, F8 (Flyball, 8RM, EV 79.4 MPH)
|
| Top of the 1st over - 1 run, 3 hits, 0 errors, 2 left on base; Omaha 1 - Norfolk 0 |
| BOTTOM OF THE 1ST |
|
Norfolk Tides batting - Pitching for Omaha Storm Chasers : LHP Tyler Abraham
|
|
Pitching: LHP Tyler Abraham
|
|
|
Batting: RHB Tony Godley
|
0-0: Ball 1-0: Called Strike 1-1: Ground out 5-3 (Groundball, 56, EV 101.2 MPH)
|
|
Batting: RHB Ray Sims
|
0-0: Ball 1-0: Ball 2-0: Swinging Strike 2-1: Swinging Strike 2-2: Ball 3-2: Strikes out swinging
|
|
Batting: RHB Kaoru Toda
|
0-0: Called Strike 0-1: Swinging Strike 0-2: Strikes out swinging
|
| Bottom of the 1st over - 0 runs, 0 hits, 0 errors, 0 left on base; Omaha 1 - Norfolk 0 |
| TOP OF THE 2ND |
|
Omaha Storm Chasers batting - Pitching for Norfolk Tides : LHP Freddy Gutierrez
|
|
Batting: RHB Chang-keun Baik
|
0-0: SINGLE (Line Drive, 7LS, EV 101.9 MPH)
|
|
Batting: RHB Ken Postlethwaite
|
0-0: Grounds into double play, 6-4-3 (Groundball, 6M, EV 97.5 MPH)
|
|
Batting: RHB Justin Goff
|
0-0: Ball 1-0: Called Strike 1-1: Foul Ball, location: 2F 1-2: Fly out, F8 (Flyball, 78D, EV 85.6 MPH)
|
| Top of the 2nd over - 0 runs, 1 hit, 0 errors, 0 left on base; Omaha 1 - Norfolk 0 |
| BOTTOM OF THE 2ND |
|
Norfolk Tides batting - Pitching for Omaha Storm Chasers : LHP Tyler Abraham
|
|
Batting: RHB Steve Jones
|
0-0: Ball 1-0: SINGLE (Line Drive, 3D, EV 105.0 MPH)
|
|
Batting: RHB John Gray
|
0-0: Called Strike 0-1: Ball 1-1: Foul Ball, location: 2F 1-2: Ball 2-2: Ball 3-2: Ground out 5-3 (Groundball, 56S, EV 83.1 MPH) Steve Jones to second
|
|
Batting: RHB Ismael Macedo
|
0-0: Called Strike 0-1: Foul Ball, location: 2F 0-2: Ball 1-2: Fly out, F8 (Flyball, 8RS, EV 85.0 MPH)
|
|
Batting: RHB Antonio Gamez
|
0-0: Swinging Strike 0-1: Ball 1-1: Ball 2-1: Ground out 6-3 (Groundball, 56, EV 102.5 MPH)
|
| Bottom of the 2nd over - 0 runs, 1 hit, 0 errors, 1 left on base; Omaha 1 - Norfolk 0 |
| TOP OF THE 3RD |
|
Omaha Storm Chasers batting - Pitching for Norfolk Tides : LHP Freddy Gutierrez
|
|
Batting: RHB Yuichi Takata
|
0-0: Fly out, F9 (Flyball, 9S, EV 94.4 MPH)
|
|
Batting: SHB Ryoji Hiraoka
|
0-0: Ground out 5-3 (Groundball, 56, EV 105.6 MPH)
|
|
Batting: RHB Adam Martin
|
0-0: Swinging Strike 0-1: Swinging Strike 0-2: Fly out, F9 (Line Drive, 9, EV 94.4 MPH)
|
| Top of the 3rd over - 0 runs, 0 hits, 0 errors, 0 left on base; Omaha 1 - Norfolk 0 |
| BOTTOM OF THE 3RD |
|
Norfolk Tides batting - Pitching for Omaha Storm Chasers : LHP Tyler Abraham
|
|
Batting: SHB Ben Pierce
|
0-0: Ball 1-0: Called Strike 1-1: Called Strike 1-2: Ground out 4-3 (Groundball, 34, EV 101.9 MPH)
|
|
Batting: LHB Justin Moore
|
0-0: Fly out, F8 (Flyball, 8LXD, EV 90.6 MPH)
|
|
Batting: RHB Tony Godley
|
0-0: Ball 1-0: Ball 2-0: Ball 3-0: Swinging Strike 3-1: Called Strike 3-2: Strikes out swinging
|
| Bottom of the 3rd over - 0 runs, 0 hits, 0 errors, 0 left on base; Omaha 1 - Norfolk 0 |
| TOP OF THE 4TH |
|
Omaha Storm Chasers batting - Pitching for Norfolk Tides : LHP Freddy Gutierrez
|
|
Batting: RHB Kazuki Arai
|
0-0: Swinging Strike 0-1: Swinging Strike 0-2: Ball 1-2: Ball 2-2: Strikes out swinging
|
|
Batting: LHB Robby Diaz
|
0-0: Fly out, F9 (Flyball, 89D, EV 89.4 MPH)
|
|
Batting: RHB Taisei Fujii
|
0-0: Called Strike 0-1: Called Strike 0-2: Ball 1-2: Strikes out swinging
|
| Top of the 4th over - 0 runs, 0 hits, 0 errors, 0 left on base; Omaha 1 - Norfolk 0 |
| BOTTOM OF THE 4TH |
|
Norfolk Tides batting - Pitching for Omaha Storm Chasers : LHP Tyler Abraham
|
|
Batting: RHB Ray Sims
|
0-0: Ball 1-0: Ball 2-0: Ground out 4-3 (Groundball, 4, EV 104.4 MPH)
|
|
Batting: RHB Kaoru Toda
|
0-0: Foul Ball, location: 2F 0-1: Ball 1-1: Called Strike 1-2: Ball 2-2: Ball 3-2: Base on Balls
|
|
Batting: RHB Steve Jones
|
0-0: Ball Kaoru Toda steals 2nd base 1-0: Ball 2-0: Called Strike 2-1: Ball 3-1: Foul Ball, location: 2F 3-2: TRIPLE (Flyball, 9D, EV 102.5 MPH) Kaoru Toda scores
|
|
Batting: RHB John Gray
|
0-0: Called Strike 0-1: Ball 1-1: Ball 2-1: Called Strike 2-2: Foul Ball, location: 2F 2-2: SINGLE (Flyball, 89S, EV 96.9 MPH) Steve Jones scores
|
|
Batting: RHB Ismael Macedo
|
0-0: Ball 1-0: Ball 2-0: Foul Ball, location: 2F 2-1: Called Strike John Gray is caught stealing 2nd base 2-4 2-2: Foul Ball, location: 2F 2-2: Ball 3-2: Fly out, F8 (Flyball, 8LM, EV 90.0 MPH)
|
| Bottom of the 4th over - 2 runs, 2 hits, 0 errors, 0 left on base; Omaha 1 - Norfolk 2 |
| TOP OF THE 5TH |
|
Omaha Storm Chasers batting - Pitching for Norfolk Tides : LHP Freddy Gutierrez
|
|
Batting: RHB Chang-keun Baik
|
0-0: Foul Ball, location: 2F 0-1: Called Strike 0-2: Ball 1-2: Strikes out swinging
|
|
Batting: RHB Ken Postlethwaite
|
0-0: Ball 1-0: Swinging Strike 1-1: Ball 2-1: Ball 3-1: Base on Balls
|
|
Batting: RHB Justin Goff
|
0-0: Ball 1-0: Ball 2-0: Ball 3-0: Base on Balls Ken Postlethwaite to second
|
|
Batting: RHB Yuichi Takata
|
0-0: Called Strike 0-1: Foul Ball, location: 2F 0-2: Ball 1-2: Ball 2-2: Fly out, F7 (Flyball, 7LMF, EV 86.9 MPH)
|
|
Batting: SHB Ryoji Hiraoka
|
0-0: Called Strike 0-1: SINGLE (Flyball, 34D, EV 88.1 MPH) Ken Postlethwaite to third Justin Goff to second
|
|
Batting: RHB Adam Martin
|
0-0: Fly out, F6 (Popup, 6M, EV 59.4 MPH)
|
| Top of the 5th over - 0 runs, 1 hit, 0 errors, 3 left on base; Omaha 1 - Norfolk 2 |
| BOTTOM OF THE 5TH |
|
Norfolk Tides batting - Pitching for Omaha Storm Chasers : LHP Tyler Abraham
|
|
Batting: RHB Antonio Gamez
|
0-0: Ball 1-0: Foul Ball, location: 2F 1-1: Ball 2-1: Foul Ball, location: 2F 2-2: Ground out 4-3 (Groundball, 34, EV 79.4 MPH)
|
|
Batting: SHB Ben Pierce
|
0-0: Ball 1-0: Foul Ball, location: 2F 1-1: Ball 2-1: SINGLE (Groundball, 4MD, EV 98.1 MPH)
|
|
Batting: LHB Justin Moore
|
0-0: Ball 1-0: Ball 2-0: Swinging Strike 2-1: Foul Ball, location: 2F 2-2: Strikes out swinging
|
|
Batting: RHB Tony Godley
|
0-0: Ball 1-0: Swinging Strike 1-1: SINGLE (Groundball, 34D, EV 105.6 MPH) Ben Pierce to second Runner from 2nd tries for 3rd, OUT! 9-5
|
| Bottom of the 5th over - 0 runs, 2 hits, 0 errors, 1 left on base; Omaha 1 - Norfolk 2 |
| TOP OF THE 6TH |
|
Omaha Storm Chasers batting - Pitching for Norfolk Tides : LHP Freddy Gutierrez
|
|
Batting: RHB Kazuki Arai
|
0-0: Ball 1-0: Ball 2-0: Ball 3-0: Called Strike 3-1: SINGLE (Line Drive, 7S, EV 85.6 MPH)
|
|
Batting: LHB Robby Diaz
|
0-0: Ball 1-0: Ball 2-0: Called Strike 2-1: Swinging Strike 2-2: Foul Ball, location: 2F 2-2: Strikes out swinging
|
|
Batting: RHB Taisei Fujii
|
0-0: Called Strike 0-1: Ball 1-1: Ball 2-1: Ball 3-1: Foul Ball, location: 2F 3-2: Foul Ball, location: 2F 3-2: Fly out, F9 (Flyball, 9S, EV 87.5 MPH)
|
|
Batting: RHB Chang-keun Baik
|
0-0: Called Strike 0-1: Ball 1-1: Ball 2-1: Swinging Strike 2-2: Ball 3-2: Strikes out swinging
|
| Top of the 6th over - 0 runs, 1 hit, 0 errors, 1 left on base; Omaha 1 - Norfolk 2 |
| BOTTOM OF THE 6TH |
|
Norfolk Tides batting - Pitching for Omaha Storm Chasers : LHP Tyler Abraham
|
|
Batting: RHB Ray Sims
|
0-0: Called Strike 0-1: Swinging Strike 0-2: Ball 1-2: Ball 2-2: Foul Ball, location: 2F 2-2: Fly out, F8 (Flyball, 8RXD, EV 89.4 MPH)
|
|
Batting: RHB Kaoru Toda
|
0-0: Ground out 6-3 (Groundball, 6, EV 84.4 MPH)
|
|
Batting: RHB Steve Jones
|
0-0: Ball 1-0: Ground out 5-3 (Groundball, 56, EV 103.8 MPH)
|
| Bottom of the 6th over - 0 runs, 0 hits, 0 errors, 0 left on base; Omaha 1 - Norfolk 2 |
| TOP OF THE 7TH |
|
Omaha Storm Chasers batting - Pitching for Norfolk Tides : LHP Freddy Gutierrez
|
|
Batting: RHB Ken Postlethwaite
|
0-0: Ball 1-0: Called Strike 1-1: Ball 2-1: Called Strike 2-2: Ball 3-2: Fly out, F8 (Line Drive, 8LM, EV 98.8 MPH)
|
|
Batting: RHB Justin Goff
|
0-0: Ground out 6-3 (Groundball, 6, EV 82.5 MPH)
|
|
Batting: RHB Yuichi Takata
|
0-0: Ball 1-0: Called Strike 1-1: Ball 2-1: Foul Ball, location: 2F 2-2: Ball 3-2: Strikes out swinging
|
| Top of the 7th over - 0 runs, 0 hits, 0 errors, 0 left on base; Omaha 1 - Norfolk 2 |
| BOTTOM OF THE 7TH |
|
Norfolk Tides batting - Pitching for Omaha Storm Chasers : LHP Tyler Abraham
|
|
Pitching: RHP Philip Terrell
|
|
|
Batting: RHB John Gray
|
0-0: Called Strike 0-1: Ball 1-1: Ground out 6-3 (Groundball, 6S, EV 66.2 MPH)
|
|
Batting: RHB Ismael Macedo
|
0-0: Swinging Strike 0-1: Foul Ball, location: 2F 0-2: Ball 1-2: Foul Ball, location: 2F 1-2: DOUBLE (Line Drive, 78D, EV 110.6 MPH)
|
|
Batting: RHB Antonio Gamez
|
0-0: Called Strike 0-1: Ball 1-1: Ball 2-1: Called Strike 2-2: Fly out, F8 (Line Drive, 8LD, EV 90.6 MPH)
|
|
Batting: SHB Ben Pierce
|
0-0: Ball 1-0: Ground out 6-3 (Groundball, 4MD, EV 105.0 MPH)
|
| Bottom of the 7th over - 0 runs, 1 hit, 0 errors, 1 left on base; Omaha 1 - Norfolk 2 |
| TOP OF THE 8TH |
|
Omaha Storm Chasers batting - Pitching for Norfolk Tides : LHP Freddy Gutierrez
|
|
Pitching: RHP Josh Blankenship
|
|
|
Now at 1B: Wes Goscinski
|
|
|
Now at 3B: Ray Sims
|
|
|
Batting: SHB Ryoji Hiraoka
|
0-0: Called Strike 0-1: Called Strike 0-2: Ball 1-2: Ground out 4-3 (Groundball, 4, EV 76.9 MPH)
|
|
Batting: RHB Adam Martin
|
0-0: Ball 1-0: Ball 2-0: Ball 3-0: Base on Balls
|
|
Batting: RHB Kazuki Arai
|
0-0: Foul Ball, location: 2F 0-1: Ball 1-1: Called Strike 1-2: Foul Ball, location: 2F 1-2: Fly out, F7 (Flyball, 78D, EV 101.2 MPH)
|
|
Batting: LHB Robby Diaz
|
0-0: Called Strike 0-1: Foul Ball, location: 2F 0-2: Strikes out swinging
|
| Top of the 8th over - 0 runs, 0 hits, 0 errors, 1 left on base; Omaha 1 - Norfolk 2 |
| BOTTOM OF THE 8TH |
|
Norfolk Tides batting - Pitching for Omaha Storm Chasers : RHP Philip Terrell
|
|
Batting: LHB Justin Moore
|
0-0: Called Strike 0-1: Ball 1-1: Ball 2-1: Ball 3-1: Fly out, F8 (Flyball, 8LS, EV 90.6 MPH)
|
|
Batting: RHB Tony Godley
|
0-0: Ball 1-0: Called Strike 1-1: Ball 2-1: Swinging Strike 2-2: Strikes out swinging
|
|
Batting: RHB Ray Sims
|
0-0: Ball 1-0: Ball 2-0: Foul Ball, location: 2F 2-1: Ball 3-1: Ground out 6-3 (Groundball, P, EV 82.5 MPH)
|
| Bottom of the 8th over - 0 runs, 0 hits, 0 errors, 0 left on base; Omaha 1 - Norfolk 2 |
| TOP OF THE 9TH |
|
Omaha Storm Chasers batting - Pitching for Norfolk Tides : RHP Josh Blankenship
|
|
Pitching: RHP Corey Rizzuto
|
|
|
Batting: RHB Taisei Fujii
|
0-0: Ball 1-0: Ball 2-0: Fly out, F3 (Line Drive, 34, EV 72.5 MPH)
|
|
Batting: RHB Chang-keun Baik
|
0-0: Ball 1-0: Ball 2-0: Called Strike 2-1: Fly out, F8 (Flyball, 89D, EV 105.6 MPH)
|
|
Batting: RHB Ken Postlethwaite
|
0-0: Foul Ball, location: 2F 0-1: Ball 1-1: Ball 2-1: Fly out, F5 (Popup, 56S, EV 72.5 MPH)
|
| Top of the 9th over - 0 runs, 0 hits, 0 errors, 0 left on base; Omaha 1 - Norfolk 2 |
|